 Dungeon Crawl Stone Soup version 0.30-a0-852-g08b95dd62f (webtiles) character file.

Game seed: 15912613093448232437

4599 Pooter the Cleaver (level 10, -3/82 HPs)
             Began as a Demonspawn Berserker on Mar 3, 2023.
             Was a Priest of Trog.
             Slain by an orc warrior
             ... wielding a +0 battleaxe
              (19 damage)
             ... on level 8 of the Dungeon on Mar 4, 2023.
             The game lasted 00:41:32 (7481 turns).

Pooter the Cleaver (Demonspawn Berserker)           Turns: 7481, Time: 00:41:33

Health: -3/82      AC: 12    Str: 21    XL:     10   Next: 19%
Magic:  10/10      EV:  8    Int:  9    God:    Trog [***...]
Gold:   248        SH:  4    Dex: 13    Spells: 9/9 levels left

rFire   + . .      SeeInvis .    a - +9 lance "Wyrmbane" {slay drac, rPois rF+ rC+ AC+3}
rCold   + . .      Faith    .    (no shield)
rNeg    . . .      Spirit   .    h - +0 chain mail
rPois   +          Reflect  .    (no helmet)
rElec   .          Rampage  .    e - +0 cloak
rCorr   +                        (no gloves)
Will    ++...                    (no boots) Stlth
                                 (no amulet)
HPRegen 1.33/turn                C - ring of resist corrosion
MPRegen 0.12/turn                (no ring)

@: strong-willed, on berserk cooldown, regenerating, slowed, very slow
A: large bone plates 1, ignite blood 1, demonic magic 2, demonic touch 2
a: Renounce Religion, Berserk, Trog's Hand


You were on level 8 of the Dungeon.
You worshipped Trog.
Trog was most pleased with you.
You visited 1 branch of the dungeon, and saw 8 of its levels.

You collected 434 gold pieces.
You spent 186 gold pieces at shops.

Inventory:

Hand Weapons
 a - the +9 lance "Wyrmbane" (weapon) {slay drac, rPois rF+ rC+ AC+3}
   (You took it off Maggie on level 7 of the Dungeon)

   AC:        It affects your AC (+3).
   rF:        It protects you from fire.
   rC:        It protects you from cold.
   rPois:     It protects you from poison.
 b - the +10 sling "Hatoji" {heavy, rN+ Str+7 Dex-4}
   (You found it on level 7 of the Dungeon)

   Str:       It affects your strength (+7).
   Dex:       It affects your dexterity (-4).
   rN:        It protects you from negative energy.
 m - a +1 halberd
   (You took it off a gnoll on level 4 of the Dungeon)
 n - a +0 flail
   (You took it off a gnoll on level 1 of the Dungeon)
 y - a +0 hand axe
 F - a +2 war axe
   (You took it off an orc on level 4 of the Dungeon)
 M - a +0 antimagic mace
   (You found it on level 1 of the Dungeon)
Missiles
 j - a throwing net {!f}
 q - 2 silver javelins
 v - 3 javelins
 N - 15 poisoned darts
 Q - 74 stones (quivered)
Armour
 e - a +0 cloak (worn)
   (You found it on level 1 of the Dungeon)
 h - a +0 chain mail (worn)
   (You found it on level 1 of the Dungeon)
 D - an orb of light
   (You found it on level 6 of the Dungeon)
Jewellery
 C - a ring of resist corrosion (left hand)
   (You found it on level 1 of the Dungeon)
 K - a ring of fire
   (You found it on level 8 of the Dungeon)
 O - a ring of ice
   (You found it on level 8 of the Dungeon)
Wands
 d - a wand of iceblast (4)
   (You found it on level 2 of the Dungeon)
 f - a wand of flame (14)
   (You took it off Joseph on level 7 of the Dungeon)
 u - a wand of paralysis (8)
   (You found it on level 8 of the Dungeon)
 x - a wand of polymorph (9)
   (You found it on level 4 of the Dungeon)
Scrolls
 i - 2 scrolls of blinking
 k - a scroll of enchant armour
 l - a scroll of immolation {!r}
 o - a scroll of vulnerability {!r}
 p - 3 scrolls of fog
 r - a scroll of amnesia {unknown}
 s - a scroll of poison {unknown}
 t - 2 scrolls of teleportation {@r4}
 H - a scroll of noise {unknown}
 L - a scroll of magic mapping
Potions
 c - 3 potions of haste {unknown}
 g - 2 potions of attraction {!q}
 w - a potion of berserk rage {unknown}
 z - 4 potions of curing {@q1}
 A - a potion of lignification {unknown}
 B - 2 potions of brilliance {unknown}
 E - 2 potions of degeneration {unknown}
 G - a potion of invisibility {unknown}
 I - a potion of resistance {unknown}
 J - a potion of mutation {unknown}


   Skills:
 + Level 8.5 Fighting
 - Level 9.8(10.3) Axes
 * Level 5.1(8.1) Polearms
 * Level 4.2 Ranged Weapons
 - Level 1.7 Armour
 - Level 1.7 Dodging


You had 9 spell levels left.
You didn't know any spells.
Your spell library was empty.

Dungeon Overview and Level Annotations

Branches:
Dungeon (8/15)             Temple (0/1) D:5
   Lair: D:8-11

Altars:
Gozag

Shops:
D:4 :   D:7 *

Annotations:
D:7 exclusion: ice statue
D:8 2 transporters


Innate Abilities, Weirdness & Mutations

You are partially covered in large bone plates. (SH +4)
Your demonic aura sometimes causes spilled blood to erupt in flames.
Spells you cast may paralyse nearby enemies.
Your touch may inflict irresistible damage on your foes.


Message History

The howler monkey hits you but does no damage.
Things that are here:
a +3 shortbow; a centaur corpse You puncture the howler monkey!
You touch the howler monkey!
You kill the howler monkey!
Trog accepts your kill.
The gnoll sergeant hits you but does no damage.
You puncture the kobold brigand! Your touch misses the kobold brigand.
You closely miss the kobold brigand.
The kobold brigand hits you but does no damage.
The gnoll sergeant hits you from afar with a +0 spear.
You puncture the kobold brigand!
You kill the kobold brigand!
Trog accepts your kill.
You are no longer berserk.
You are exhausted.
You feel yourself slow down.
The orc warrior hits you with a +0 battleaxe.
* * * LOW HITPOINT WARNING * * *
The orc hits you with a +0 hand axe.
* * * LOW HITPOINT WARNING * * *
The gnoll sergeant hits you with a +0 spear.
* * * LOW HITPOINT WARNING * * *
The wight hits you from afar with a +0 spear.
* * * LOW HITPOINT WARNING * * *
Things that are here:
a +0 short sword; 8 poisoned darts You barely miss the gnoll sergeant.
The wight barely misses you.
The orc warrior hits you with a +0 battleaxe!
* * * LOW HITPOINT WARNING * * *
The gnoll sergeant hits you with a +0 spear.
* * * LOW HITPOINT WARNING * * *
The orc hits you but does no damage.
You hit the gnoll sergeant. The wight barely misses you.
The orc warrior hits you but does no damage.
The gnoll sergeant is engulfed in blazing flames.
The gnoll sergeant hits you but does no damage.
The orc closely misses you.
Unknown command.
You puncture the gnoll sergeant! Your touch misses the gnoll sergeant.
The wight barely misses you.
The orc warrior hits you with a +0 battleaxe!
* * * LOW HITPOINT WARNING * * *
The orc hits you but does no damage.
The gnoll sergeant is engulfed in blazing flames.
You kill the gnoll sergeant!
Trog accepts your kill. The wight closely misses you.
The orc warrior hits you with a +0 battleaxe!!
You die...

##'#.##...# ##..# #...
##.#.##...# ##.# #...
##.#.###### #.# #...
+..#.# #.#####...
####.# # #.##...##. #
#.#####. .#)##...##. #
#....# #'## ###
##'##.##...##.
####....#
#...##8##...##..#...##.
........# #..'o@ozg.#
#.....###. #####...#
#.#.#8)8#.#.##.##### #8
#####...# #8)8#
#.######## #.......#
#8.8# #......8#
#.......# ###)###
#.......#. #.......#
#.....# #......©#©
#.......# #.....#
##......#. #.....###
#.....# #.....8#8
#.....# #.....#
########


You could see an orc warrior, a gnoll sergeant, a wight and an orc.

Vanquished Creatures
  A two-headed ogre (D:8)
  Joseph (D:7)
  Maggie (D:7)
  An efreet (D:8)
  Eustachio (D:4)
  A steam dragon (D:8)
  A sky beast (D:7)
  An orc warrior (D:7)
  5 black bears
  3 ogres
  A centaur (D:8)
  2 kobold brigands
  2 phantoms (D:4)
  A gnoll sergeant (D:8)
  2 bullfrogs
  4 scorpions
  5 wights (D:8)
  A killer bee (D:7)
  4 howler monkeys
  4 hounds
  A jelly (D:6)
  2 iguanas
  A sleepcap (D:7)
  5 orc wizards
  15 adders
  12 gnolls
  A shadow imp (D:6)
  2 white imps
  2 ufetubi
  A worm (D:2)
  2 dart slugs
  23 orcs
  11 endoplasms
  2 giant cockroaches
  5 goblins
  5 hobgoblins
  6 jackals
  11 kobolds
  2 quokkas (D:1)
  13 ball pythons
  7 bats
  4 frilled lizards
  3 rats
178 creatures vanquished.

Notes
Turn   | Place    | Note
-------+----------+-------------------------------------------
     0 | D:1      | Pooter the Demonspawn Berserker began the quest for the
                  | Orb.
     0 | D:1      | Reached XP level 1. HP: 18/18 MP: 1/1
    38 | D:1      | Reached skill level 3 in Axes
   116 | D:1      | Gained mutation: Spells you cast may paralyse adjacent
                  | enemies. [demonic ancestry]
   116 | D:1      | Reached XP level 2. HP: 24/24 MP: 2/2
   563 | D:1      | Reached XP level 3. HP: 26/29 MP: 3/3
   935 | D:1      | Reached skill level 4 in Axes
   935 | D:1      | Gained mutation: Your touch may inflict minor irresistible
                  | damage on your foes. [demonic ancestry]
   935 | D:1      | Reached XP level 4. HP: 32/37 MP: 4/4
  1034 | D:2      | Reached ** piety under Trog
  1460 | D:3      | Gained mutation: Your touch may inflict irresistible damage
                  | on your foes. [demonic ancestry]
  1460 | D:3      | Reached XP level 5. HP: 27/42 MP: 5/5
  2197 | D:4      | Found Tyka Cugg's Book Boutique.
  2261 | D:4      | Noticed a black bear
  2262 | D:4      | Reached skill level 5 in Axes
  2267 | D:4      | Killed a black bear
  2268 | D:4      | Gained mutation: Your demonic aura sometimes causes spilled
                  | blood to erupt in flames. [demonic ancestry]
  2268 | D:4      | Reached XP level 6. HP: 49/49 MP: 6/6
  2446 | D:4      | Reached skill level 5 in Fighting
  2569 | D:4      | Reached skill level 6 in Axes
  2611 | D:4      | Gained mutation: Spells you cast may paralyse nearby
                  | enemies. [demonic ancestry]
  2611 | D:4      | Reached XP level 7. HP: 53/56 MP: 7/7
  2706 | D:4      | Reached skill level 1 in Polearms
  2987 | D:4      | Noticed Eustachio
  2990 | D:4      | Reached *** piety under Trog
  3003 | D:4      | Killed Eustachio
  3346 | D:5      | Entered Level 5 of the Dungeon
  3408 | D:5      | Reached skill level 7 in Axes
  3439 | D:5      | Found a staircase to the Ecumenical Temple.
  3497 | D:5      | Reached XP level 8. HP: 64/64 MP: 8/8
  4246 | D:6      | Reached skill level 8 in Axes
  5442 | D:7      | Noticed Joseph
  5449 | D:7      | Noticed Maggie
  5452 | D:7      | Killed Joseph
  5453 | D:7      | Reached skill level 9 in Axes
  5503 | D:7      | Killed Maggie
  5504 | D:7      | Reached XP level 9. HP: 72/72 MP: 9/9
  5746 | D:7      | Upgraded the game from 0.30-a0-847-g17996783a1 to
                  | 0.30-a0-852-g08b95dd62f
  5772 | D:7      | Found Plog's General Store.
  5797 | D:7      | Bought a scroll of identify for 22 gold pieces
  5797 | D:7      | Bought a scroll of blinking for 82 gold pieces
  5797 | D:7      | Bought a scroll of magic mapping for 82 gold pieces
  5830 | D:7      | Identified the +10 sling "Hatoji" {heavy, rN+ Str+7 Dex-4}
  5924 | D:7      | Found an opulent altar of Gozag.
  5933 | D:7      | HP: 2/74 [orc warrior/+0 halberd (9)]
  6191 | D:7      | Reached skill level 1 in Ranged Weapons
  6481 | D:7      | Noticed an ice statue
  7012 | D:8      | Found a transporter.
  7031 | D:8      | Found a transporter.
  7064 | D:8      | Noticed a two-headed ogre
  7072 | D:8      | Killed a two-headed ogre
  7340 | D:8      | Gained mutation: You are partially covered in large bone
                  | plates. (SH +4) [demonic ancestry]
  7340 | D:8      | Reached XP level 10. HP: 81/81 MP: 10/10
  7472 | D:8      | Reached skill level 5 in Polearms
  7481 | D:8      | Slain by an orc warrior

Illustrated notes

Levels and vault maps discovered:
D:1:      minmay_arrival_four_houses, layout_rooms, minmay_pentomino_u2
D:2:      layout_rooms
D:3:      wander_river, layout_basic, nicolae_half_adder
D:4:      layout_basic, serial_corexii_hall, corexii_hall_statues_l,
          corexii_hall_statues_x, corexii_hall_statues_l, serial_shops,
          nicolae_shop_hallway_stairs, uniq_eustachio
D:5:      layout_gridville, minmay_temple_entry_slanted, st_stairs_2,
          minivault_23
D:6:      layout_layer_cave
D:7:      lemuel_ice_statue, layout_basic, mainiacjoe_overflow_paths,
          serial_shops, nicolae_shop_stone, kennysheep_potato, uniq_maggie,
          uniq_joseph
D:8:      minmay_chambers_of_sevens, layout_basic, chequers_decorated_corner,
          nicolae_diode_intersection

Skill      XL: |  1  2  3  4  5  6  7  8  9 10 |
---------------+-------------------------------+-----
Axes           | 3 4 5 6 7 9 |  9.8
Fighting       | 4 5 7 8 |  8.5
Polearms       | 1 4 5 |  5.1
Ranged Weapons | 3 4 |  4.2
Armour         | |  1.7
Dodging        | |  1.7

Action                     |  1- 3 |  4- 6 |  7- 9 | 10-12 || total
---------------------------+-------+-------+-------+-------++-------
  Melee: Hand axe          |    58 |       |       |       ||    58
         Flail             |    29 |   135 |       |       ||   164
         Punch             |     1 |     1 |       |       ||     2
         Touch             |       |    15 |    20 |     5 ||    40
         Halberd           |       |    16 |    68 |       ||    84
         War axe           |       |       |    78 |       ||    78
         Mace              |       |       |     2 |       ||     2
         Lance             |       |       |    67 |    24 ||    91
   Fire: Sling             |       |       |    37 |       ||    37
  Throw: Stone             |     4 |    10 |       |       ||    14
         Dart              |       |     3 |       |       ||     3
         Javelin           |       |     2 |     2 |       ||     4
 Invoke: Berserk           |     3 |     5 |     7 |     1 ||    16
         Trog's Hand       |       |       |     4 |     1 ||     5
  Evoke: Wand              |       |     7 |     4 |       ||    11
    Use: Scroll            |     3 |     1 |    11 |       ||    15
         Potion            |       |       |     2 |       ||     2
 Armour: Animal skin       |    10 |       |       |       ||    10
         Chain mail        |    60 |   118 |   197 |    11 ||   386
  Dodge: Dodged            |    63 |    69 |   127 |     6 ||   265
  Block: Other             |       |       |       |     1 ||     1

Table legend: (Time is in decaauts)
 A = Elapsed time spent in this place.
 B = Non-inter-level travel time spent in this place.
 C = Inter-level travel time spent in this place.
 D = Time resting spent in this place.
 E = Time spent auto-exploring this place.
 F = Levels seen in this place.
 G = Mean time per level.
                   A        B        C        D        E       F      G
               +--------+--------+--------+--------+--------+-----+--------+
         Total |   7742 |   7549 |    193 |   1616 |   4515 |   8 |  967.8 |
       Dungeon |   7742 |   7549 |    193 |   1616 |   4515 |   8 |  967.8 |
               +--------+--------+--------+--------+--------+-----+--------+

Top non-repeatable levels by time:
     D:6: 1365 daAuts
     D:7: 1230 daAuts
     D:4: 1075 daAuts
     D:3: 979 daAuts
     D:1: 915 daAuts
     D:5: 875 daAuts
     D:8: 741 daAuts
     D:2: 558 daAuts
